Map: 골든 월 - 래더

Players

DPGCure (Cure)

  • Race: Terran Terran
  • Spawn Location: 5:00

INnoVation - Winner!

  • Race: Terran Terran
  • League: Master
  • Spawn Location: 7:00

Event: StayAtHomestory Cup #1

VOD

Have the link to the VOD?

Description

Time

  • Played on: April 11, 2020, 2:36 p.m.
  • Length: 11:20

All games in this series

Show
View Real Time Build Order
Export as new Build Order

DPGCure Terran 

Build Orders: Reaper Expand 

Get SALT Encoding   

  12  0:00  SCV  
  13  0:12  SCV  
  14  0:17  Supply Depot  
  14  0:25  SCV  
  15  0:39  SCV  
  15  0:40  Barracks  
  16  0:44  Refinery  
  16  0:51  SCV  
  17  1:03  SCV  
  18  1:15  SCV  
  19  1:27  Reaper, Orbital Command  
  20  1:45  Command Center  
  20  1:53  SCV  
  21  1:56  Supply Depot  
  21  1:59  Reaper  
  22  2:04  Refinery  
  22  2:05  SCV  
  23  2:17  SCV  
  24  2:25  Factory  
  25  2:30  SCV  
  25  2:36  Barracks Reactor  
  25  2:41  Bunker  
  25  2:42  SCV  
  25  2:54  SCV  
  26  2:59  Orbital Command  
  26  3:04  Orbital Command  
  26  3:06  SCV  
  26  3:10  Hellion  
  26  3:11  Starport  
  29  3:13  Marine x2  
  29  3:18  SCV  
  32  3:25  Refinery  
  32  3:29  SCV  
  32  3:30  SCV  
  32  3:31  Marine x2, Factory Tech Lab  
  36  3:39  Supply Depot  
  36  3:41  SCV  
  36  3:42  SCV  
  38  3:50  Marine x2  
  38  3:54  SCV  
  38  3:55  SCV  
  42  3:57  Raven, Supply Depot  
  42  3:58  Factory Tech Lab  
  44  4:06  SCV  
  44  4:07  SCV  
  46  4:10  Marine x2  
  46  4:11  Supply Depot  
  46  4:16  Cyclone  
  51  4:20  SCV x2  
  53  4:28  Command Center  
  53  4:32  SCV  
  53  4:34  SCV  
  55  4:44  Stimpack  
  56  4:47  Barracks  
  56  4:48  SCV x2  
  56  4:51  Starport Reactor  
  55  4:54  Siege Tank  
  55  4:56  Marine  
  49  5:00  SCV x2  
  45  5:12  SCV x2  
  45  5:14  Marine  
  47  5:22  Barracks  
  47  5:24  SCV x2  
  49  5:31  Marine  
  50  5:36  SCV  
  50  5:37  SCV, Marine x2  
  50  5:39  Starport Reactor  
  50  5:42  Orbital Command  
  54  5:49  SCV x2  
  56  5:51  Engineering Bay  
  56  5:52  Engineering Bay  
  56  5:55  Marine x3  
  59  6:00  Siege Tank  
  62  6:07  SCV x2  
  62  6:10  SCV  
  65  6:17  Marine  
  65  6:18  Marine x2  
  68  6:19  Medivac x2  
  68  6:23  Terran Infantry Weapons Level 1  
  72  6:27  SCV x3  
  72  6:29  Refinery  
  74  6:37  Siege Tank  
  74  6:39  Terran Infantry Armor Level 1  
  77  6:40  SCV x3  
  77  6:44  Supply Depot  
  80  6:51  Marine x5  
  85  7:01  Supply Depot  
  85  7:03  Combat Shield  
  85  7:06  SCV x2  
  85  7:07  Supply Depot  
  87  7:09  Marine x5  
  87  7:13  Medivac  
  92  7:17  Orbital Command  
  92  7:18  SCV  
  92  7:22  SCV, Medivac  
  94  7:31  SCV  
  94  7:32  Marine x3  
  94  7:34  SCV  
  94  7:35  Marine  
  97  7:46  Supply Depot  
  97  7:49  SCV x3  
  100  8:01  SCV, Supply Depot  
  100  8:02  Supply Depot  
  101  8:08  SCV x2, Marine x3, Siege Tank  
  101  8:11  Marine x2  
  111  8:13  Medivac x2  
  111  8:15  Armory  
  111  8:19  SCV  
  116  8:20  SCV  
  116  8:22  SCV  
  117  8:27  Marine x2  
  117  8:28  Marine  
  117  8:29  Marine x2  
  117  8:31  SCV  
  117  8:32  SCV  
  123  8:34  SCV  
  124  8:45  Marine x2, Siege Tank  
  124  8:46  Marine x2  
  124  8:47  Barracks x2  
  124  8:48  Marine  
  132  8:53  SCV  
  132  8:54  SCV  
  133  9:02  Supply Depot  
  133  9:03  Supply Depot  
  133  9:06  Supply Depot x2  
  133  9:23  SCV x3, Medivac x2, Marine  
  141  9:31  Marine x4  
  141  9:32  Siege Tank  
  141  9:35  SCV x3  
  129  9:41  Marine  
  124  9:48  SCV x3  
  124  9:49  Marine x4  
  126  9:54  Barracks Reactor x2  
  126  9:59  Marine  
  122  10:00  SCV  
  122  10:02  Barracks x2  
  122  10:03  Barracks  
  122  10:04  Siege Tank  
  125  10:07  Refinery x2, Marine x4  
  125  10:10  Sensor Tower  
  129  10:17  Marine  
  130  10:24  Marine  
  130  10:25  Marine x2  
  134  10:32  Missile Turret, Marine x3  
  134  10:33  Marine  
  134  10:34  Marine  
  139  10:38  Command Center, Siege Tank  
  139  10:42  Marine x2  
  141  10:45  Factory  
  141  10:47  Marine  
  144  10:50  SCV x3, Marine x3  
  144  10:53  Barracks Reactor x2  
  144  10:54  Barracks Reactor  
  144  10:56  Barracks Reactor  
Show
View Real Time Build Order
Export as new Build Order

INnoVation Terran - Winner!

Build Orders: Gas First Reaper Expand, Liberator Opening 

Get SALT Encoding   

  12  0:00  SCV  
  13  0:12  SCV  
  14  0:17  Supply Depot  
  14  0:25  SCV  
  15  0:29  Refinery  
  15  0:38  SCV  
  16  0:45  Barracks  
  16  0:51  SCV  
  17  1:03  SCV  
  18  1:15  SCV  
  19  1:31  Orbital Command  
  19  1:32  Reaper  
  20  1:45  Command Center  
  20  1:57  Factory  
  20  2:00  SCV  
  21  2:07  Barracks Reactor  
  21  2:12  SCV  
  22  2:15  Supply Depot  
  22  2:22  Refinery  
  22  2:24  SCV  
  23  2:36  SCV  
  23  2:48  SCV  
  23  2:50  Hellion x2  
  28  2:55  Starport  
  28  2:56  Supply Depot  
  27  3:00  SCV  
  29  3:12  SCV  
  29  3:17  Hellion  
  29  3:18  Hellion  
  33  3:25  SCV, Supply Depot  
  34  3:30  Liberator  
  37  3:37  SCV  
  38  3:47  Hellion x2  
  42  3:49  SCV  
  42  3:51  Orbital Command  
  43  4:01  SCV  
  44  4:08  Hellion x2, Barracks Tech Lab  
  48  4:13  SCV  
  48  4:15  Starport Tech Lab  
  49  4:18  SCV  
  50  4:25  SCV  
  50  4:27  Refinery  
  50  4:30  SCV, Supply Depot  
  52  4:33  Raven  
  52  4:37  SCV  
  55  4:40  Marine x2  
  55  4:42  Siege Tank  
  55  4:45  SCV  
  61  4:49  SCV  
  61  4:51  Supply Depot  
  60  4:58  SCV  
  57  5:01  SCV  
  57  5:03  Marine x2  
  51  5:14  SCV x2  
  51  5:15  Raven  
  51  5:18  Command Center  
  51  5:19  Refinery  
  53  5:21  Marine  
  53  5:22  Marine  
  53  5:26  SCV x2  
  53  5:27  Siege Tank  
  60  5:32  Supply Depot  
  60  5:38  SCV x2  
  60  5:39  Marine x2  
  64  5:50  SCV x2  
  64  5:53  Barracks  
  66  5:58  Barracks  
  66  6:00  Siege Tank  
  66  6:02  SCV x2  
  71  6:07  Viking  
  71  6:08  Viking  
  71  6:11  Stimpack, Marine  
  76  6:16  SCV x2  
  75  6:28  SCV, Engineering Bay  
  75  6:29  SCV, Engineering Bay  
  75  6:31  Orbital Command  
  77  6:39  Siege Tank  
  84  6:44  Barracks Reactor  
  84  6:45  SCV  
  84  6:46  SCV, Barracks Reactor  
  86  6:53  Marine  
  87  6:56  Terran Infantry Weapons Level 1, Terran Infantry Armor Level 1  
  83  7:02  Barracks x2  
  83  7:03  SCV x2  
  85  7:10  Orbital Command  
  85  7:11  Marine  
  85  7:15  SCV x2  
  88  7:16  Siege Tank  
  88  7:18  Medivac x2  
  88  7:22  Supply Depot x2  
  95  7:25  Marine x2  
  95  7:26  Marine x2  
  95  7:29  Marine  
  100  7:30  SCV  
  101  7:39  SCV  
  101  7:43  Marine x4  
  104  7:47  Marine  
  104  7:49  SCV x2  
  104  7:50  Combat Shield  
  104  7:51  SCV  
  108  7:53  Barracks Reactor x2  
  108  7:54  Refinery  
  108  7:55  Armory  
  108  7:56  Refinery  
  108  8:00  Sensor Tower  
  108  8:01  SCV x2  
  108  8:03  SCV  
  108  8:04  Marine  
  108  8:05  Marine  
  113  8:06  Marine x3  
  116  8:14  Supply Depot  
  116  8:22  Marine  
  117  8:35  SCV x2, Supply Depot, Marine x2, Medivac x2  
  117  8:36  Sensor Tower  
  117  8:37  Supply Depot  
  117  8:40  Marine  
  125  8:51  Supply Depot, Terran Infantry Armor Level 2, Terran Infantry Weapons Level 2  
  125  8:56  Supply Depot, Marine x3  
  125  8:57  SCV x2, Siege Tank  
  125  8:58  SCV, Marine x5  
  125  9:00  Terran Vehicle Weapons Level 1  
  140  9:05  Supply Depot  
  140  9:06  Supply Depot  
  140  9:07  Medivac  
  140  9:10  Medivac  
  140  9:14  Marine x3  
  140  9:16  Marine  
  145  9:22  Marine x4  
  149  9:25  Barracks Reactor  
  149  9:26  Command Center  
  149  9:29  Siege Tank  
  146  9:32  Marine  
  146  9:33  Marine  
  146  9:34  Marine x2  
  126  9:40  Marine x4  
  130  9:50  Marine  
  130  9:51  Marine x3  
  128  9:53  Sensor Tower  
  128  9:54  Command Center  
  128  9:56  Medivac x2  
  128  9:58  Marine x4, Factory  
  136  10:01  Siege Tank  
  136  10:05  Marine x2  
  140  10:08  Marine  
  140  10:09  Marine x3  
  144  10:16  Marine  
  144  10:18  Marine x2  
  144  10:19  Marine  
  148  10:22  Marine  
  148  10:23  Marine  
  148  10:24  Supply Depot  
  148  10:25  Marine  
  148  10:26  Medivac  
  148  10:27  Medivac, Marine  
  156  10:32  Marine x2  
  156  10:33  Marine  
  159  10:36  Marine x3  
  159  10:39  Siege Tank  
  159  10:40  Marine  
  159  10:42  Supply Depot, Siege Tank  
  169  10:43  Supply Depot  
  167  10:52  Marine x4  
Tags
 
Add a new tag
Caveats
  • Supply blocks, unpowered buildings, or Contaminate may cause inaccurate times.
  • Supply counts are checked every 10 seconds.